Map: Catalyseur EC

Players

Elazer

  • Race: Zerg Zerg
  • Spawn Location: 5:00

ShaDoWn - Winner!

  • Race: Protoss Protoss
  • Spawn Location: 11:00

Event: WCS Valencia 2018

VOD

Have the link to the VOD?

Description

Time

  • Played on: July 12, 2018, 10:37 a.m.
  • Length: 10:04

All games in this series

Show
View Real Time Build Order
Export as new Build Order

Elazer Zerg 

Build Orders: Hatch First 

Get SALT Encoding   

  12  0:00  Drone  
  13  0:12  Overlord  
  13  0:17  Drone  
  14  0:31  Drone x2  
  16  0:48  Hatchery  
  15  0:51  Drone  
  15  0:54  Drone  
  17  0:59  Drone  
  18  1:08  Extractor  
  17  1:18  Spawning Pool  
  16  1:20  Drone x2  
  18  1:32  Drone  
  19  1:43  Drone  
  20  1:54  Overlord  
  20  2:05  Zergling x2, Queen x2  
  20  2:06  Zergling x2  
  26  2:10  Metabolic Boost  
  26  2:14  Drone  
  27  2:16  Drone  
  27  2:22  Drone x2  
  30  2:32  Drone x2  
  32  2:45  Hatchery  
  32  2:48  Queen  
  33  2:53  Overlord  
  33  2:56  Drone  
  33  2:58  Drone  
  35  3:01  Drone  
  36  3:13  Drone x2  
  36  3:15  Drone x3  
  36  3:16  Drone x2  
  36  3:18  Overlord  
  43  3:25  Extractor, Queen  
  45  3:27  Overlord  
  45  3:37  Drone x3  
  48  3:41  Drone x2  
  48  3:43  Drone  
  48  3:44  Drone  
  52  3:55  Spore Crawler  
  51  3:56  Drone  
  51  3:57  Overlord  
  51  3:58  Spore Crawler  
  51  4:01  Queen  
  53  4:03  Spore Crawler, Drone x4  
  53  4:07  Drone  
  53  4:08  Drone  
  58  4:15  Drone x3  
  58  4:17  Lair  
  61  4:20  Drone x2  
  61  4:23  Drone x2  
  65  4:26  Drone  
  65  4:30  Extractor  
  65  4:32  Extractor, Roach Warren  
  65  4:35  Drone  
  65  4:36  Drone  
  65  4:40  Overlord  
  65  4:42  Drone  
  66  4:50  Overlord  
  66  4:56  Overlord  
  66  4:58  Drone x2  
  66  4:59  Drone  
  65  5:07  Overlord  
  60  5:15  Glial Reconstitution  
  60  5:16  Roach x7  
  71  5:26  Drone x5  
  76  5:28  Drone x2  
  76  5:30  Drone  
  76  5:31  Extractor  
  76  5:34  Extractor  
  76  5:38  Drone  
  76  5:39  Drone  
  78  5:43  Roach  
  80  5:51  Overlord  
  80  5:52  Roach x2  
  84  5:59  Roach x4  
  92  6:06  Hydralisk Den  
  92  6:10  Roach x7  
  105  6:13  Overlord  
  105  6:16  Overlord  
  105  6:18  Overlord  
  105  6:19  Overlord  
  105  6:21  Overseer  
  105  6:26  Overlord  
  105  6:34  Overlord x3  
  105  6:40  Hydralisk  
  105  6:41  Hydralisk x6  
  119  6:50  Grooved Spines  
  119  6:52  Hydralisk  
  119  6:54  Hydralisk  
  121  6:57  Hydralisk  
  121  7:00  Roach  
  127  7:04  Roach x2  
  127  7:08  Roach x2  
  135  7:11  Roach x2  
  139  7:17  Ravager  
  139  7:19  Zergling x16  
  148  7:23  Zergling x2  
  148  7:24  Zergling x4  
  148  7:29  Overlord x2  
  151  7:37  Zergling x4  
  151  7:40  Overlord  
  153  7:49  Overlord  
  153  7:50  Ravager x2  
  153  7:51  Zergling x10, Ravager x4  
  159  7:56  Zergling x4  
  159  7:57  Ravager  
  152  8:13  Zergling x18  
  144  8:21  Hydralisk x3  
  137  8:27  Hydralisk x4  
  137  8:31  Hydralisk  
  137  8:32  Zergling x6  
  112  8:42  Hydralisk  
  112  8:43  Hydralisk x2  
  112  8:48  Hydralisk  
  107  8:53  Hydralisk x2  
  113  8:55  Hydralisk  
  113  8:56  Zergling x2  
  113  8:57  Zergling x2  
  113  8:58  Roach x2  
  113  9:00  Roach  
  113  9:02  Roach  
  125  9:05  Ravager  
  125  9:08  Zergling x4  
  125  9:09  Zergling x2  
  129  9:13  Zergling x6  
  129  9:19  Zergling x2  
  129  9:20  Zergling x4  
  129  9:23  Ravager  
  129  9:24  Ravager x2  
  133  9:25  Zergling x6  
  133  9:29  Zergling x4  
  138  9:34  Zergling x2  
  138  9:35  Zergling x6  
  142  9:38  Ravager  
  142  9:39  Overlord  
Show
View Real Time Build Order
Export as new Build Order

ShaDoWn Protoss - Winner!

Build Orders: 1 Gate Expand, Oracle Opening, Phoenix Opening, Archon Immortal, Zealot Archon, Archon Drop 

Get SALT Encoding   

  12  0:00  Probe  
  13  0:12  Probe  
  14  0:20  Pylon  
  14  0:25  Probe  
  15  0:35  Probe  
  16  0:43  Probe  
  16  0:45  Gateway  
  16  0:48  Assimilator  
  17  0:52  Probe  
  18  1:04  Probe  
  19  1:14  Pylon  
  19  1:16  Probe  
  20  1:35  Nexus  
  20  1:39  Cybernetics Core  
  20  1:41  Probe  
  20  1:46  Assimilator  
  21  1:53  Probe  
  22  1:55  Pylon  
  22  2:05  Probe  
  23  2:13  Adept  
  25  2:17  Probe  
  26  2:23  Stargate  
  26  2:29  Probe  
  27  2:34  Warp Gate  
  27  2:38  Probe  
  27  2:40  Adept  
  27  2:43  Probe  
  29  2:46  Probe  
  31  2:51  Probe  
  31  2:55  Probe  
  32  3:01  Probe, Phoenix  
  34  3:07  Probe  
  37  3:13  Probe  
  37  3:17  Gateway  
  39  3:20  Probe  
  39  3:24  Oracle  
  39  3:25  Probe  
  43  3:29  Pylon  
  43  3:32  Probe  
  44  3:37  Probe  
  44  3:40  Assimilator  
  45  3:44  Probe  
  45  3:46  Probe  
  45  3:47  Adept  
  45  3:48  Assimilator  
  48  3:54  Probe  
  49  3:56  Probe  
  49  3:57  Robotics Facility  
  51  4:02  Pylon  
  51  4:04  Probe  
  52  4:10  Probe  
  54  4:17  Twilight Council, Probe  
  54  4:22  Probe  
  55  4:30  Gateway x2  
  55  4:36  Probe  
  55  4:37  Probe  
  57  4:48  Zealot  
  57  4:49  Zealot  
  61  4:54  Nexus  
  61  4:57  Templar Archives  
  61  4:59  Pylon  
  61  5:06  Probe  
  61  5:11  Warp Prism  
  61  5:18  Probe  
  66  5:24  Probe  
  61  5:28  Charge  
  61  5:29  Pylon  
  61  5:30  Probe  
  61  5:34  Forge  
  62  5:35  High Templar x2  
  62  5:37  High Templar x2  
  62  5:39  Immortal  
  62  5:41  Pylon  
  70  5:44  Archon x2  
  70  5:47  Probe x2  
  76  5:52  Robotics Facility  
  76  5:57  Protoss Ground Weapons Level 1, Pylon  
  76  5:59  Probe  
  76  6:03  Probe  
  78  6:07  Probe  
  78  6:11  Observer, Probe  
  80  6:15  Probe  
  82  6:20  Probe  
  82  6:23  Immortal, Probe  
  82  6:25  Assimilator  
  84  6:26  Assimilator  
  84  6:27  Probe  
  84  6:29  Immortal  
  84  6:32  Probe  
  90  6:35  Probe  
  90  6:39  Probe  
  96  6:44  Probe  
  97  6:47  Probe  
  97  6:49  Pylon  
  97  6:51  Probe  
  97  6:52  Psionic Storm  
  97  6:53  Immortal  
  99  6:58  Immortal, Pylon  
  99  6:59  Probe  
  99  7:00  Pylon  
  101  7:08  High Templar  
  106  7:14  Probe  
  111  7:20  Probe  
  108  7:30  High Templar x2  
  108  7:32  Shield Battery  
  108  7:34  Zealot  
  114  7:38  Immortal  
  114  7:40  Immortal  
  114  7:41  Gateway  
  114  7:42  Gateway  
  114  7:44  Shield Battery  
  122  7:45  Gateway  
  122  7:48  Gateway  
  122  7:51  Gateway  
  122  7:57  Zealot x2  
  124  8:06  Zealot x2  
  122  8:17  Warp Prism  
  122  8:19  Immortal  
  117  8:22  Archon  
  117  8:24  Zealot x2  
  117  8:31  Zealot x2  
  118  8:41  Zealot x3  
  112  8:45  Immortal, High Templar x2  
  114  8:52  High Templar x2  
  122  8:56  Immortal  
  122  9:09  High Templar x2  
  130  9:13  Zealot  
  132  9:23  Nexus  
  132  9:26  Pylon  
  132  9:29  Pylon  
  132  9:32  Pylon  
  132  9:33  Pylon x2  
  131  9:45  Zealot x4  
  131  9:46  Zealot  
  131  9:50  Archon  
  131  9:52  Zealot x4  
  135  9:54  Archon  
Tags
 
Add a new tag
Caveats
  • Supply blocks, unpowered buildings, or Contaminate may cause inaccurate times.
  • Supply counts are checked every 10 seconds.